 Dungeon Crawl Stone Soup version 0.30.1-9-gdf580d7c3d (webtiles) character file.

Game seed: 12018139057816832758

3839 Amplified the Protected (level 9, 0/84 HPs)
             Began as an Armataur Gladiator on Sept 30, 2023.
             Was an Initiate of Ashenzari.
             Slain by an orc priest
             ... wielding a +2 war axe of electrocution
              (18 damage)
             ... on level 8 of the Dungeon.
             The game lasted 00:06:53 (6357 turns).

Amplified the Protected (Armataur Gladiator)        Turns: 6357, Time: 00:06:55

Health: 0/84       AC: 15    Str: 28    XL:     9   Next: 98%
Magic:  9/9        EV:  8    Int: 10    God:    Ashenzari [......]
Gold:   403        SH:  0    Dex: 12    Spells: 8/8 levels left

rFire   . . .        E - +0 executioner's axe (freeze)
rCold   . . .        (shield currently unavailable)
rNeg    . . .        i - +0 chain mail
rPois   .            c - +0 helmet
rElec   .            (no cloak)
rCorr   .            (no gloves)
SInv    .            (no barding)
Will    .....        (no amulet) Stlth
                     h - +6 ring of strength
HPRegen 0.34/turn    s - +4 ring of protection
MPRegen 0.11/turn

%: roll
@: lethally poisoned (0 -> -10), hasted, studying Long Blades, very quick
A: large, rugged brown scales 3, deformed body, armoured tail, roll, long
tongue, awkward tongue
a: Renounce Religion, Curse Item


You were on level 8 of the Dungeon.
You worshipped Ashenzari.
Ashenzari was noncommittal.
You visited 2 branches of the dungeon, and saw 9 of its levels.

You collected 403 gold pieces.

Inventory:

Hand Weapons
 a - a +0 war axe
 v - a +2 battleaxe of freezing
 E - a +0 executioner's axe of freezing (weapon)
Missiles
 d - a throwing net (quivered)
 e - 6 javelins
Armour
 c - a +0 helmet (worn)
 i - a +0 chain mail (worn)
 D - a +0 buckler
Jewellery
 h - a +6 ring of strength (left hand)
 k - a ring of ice
 q - a ring of see invisible
 s - a +4 ring of protection (right hand)
 z - a ring of protection from fire
Wands
 y - a wand of mindburst (18)
 C - a wand of polymorph (3)
Scrolls
 o - 2 scrolls of fear
 p - 2 scrolls of teleportation
Potions
 b - a potion of haste
 f - 3 potions of attraction
 j - 3 potions of flight
 l - 2 potions of might
 m - a potion of lignification {unknown}
 n - 3 potions of magic {unknown}
 r - a potion of berserk rage {unknown}
 t - a potion of invisibility {unknown}
 u - 2 potions of curing {unknown}
 w - a potion of ambrosia {unknown}
 x - a potion of degeneration {unknown}
 A - a potion of brilliance {unknown}


   Skills:
 + Level 7.4 Fighting
 - Level 7.2 Long Blades
 * Level 6.7 Axes
 - Level 1.7 Throwing
 - Level 8.9 Armour
 - Level 2.1 Dodging


You had 8 spell levels left.
You didn't know any spells.
Your spell library contained the following spells:

 Spells                   Type           Power      Damage    Failure   Level
 Shock                    Conj/Air       0%         1d3       80%         1
 Slow                     Hex            0%         N/A       80%         1
 Confusing Touch          Hex            0%         N/A       99%         3
 Swiftness                Air            0%         N/A       99%         3
 Vampiric Draining        Necr           0%         2d6       99%         3
 Airstrike                Air            0%         2d(0-16)  100%        4
 Animate Dead             Necr           0%         N/A       100%        4
 Haunt                    Necr/Summ      0%         N/A       100%        7
 Infestation              Necr           0%         N/A       100%        8


Dungeon Overview and Level Annotations

Branches:
Dungeon (8/15)             Temple (1/1) D:6
   Lair: D:8-11

Altars:
Ashenzari
Cheibriados
Dithmenos
Elyvilon
Fedhas
Gozag
Hepliaklqana
Kikubaaqudgha
Makhleb
Nemelex Xobeh
Okawaru
Qazlal
Ru
Sif Muna
Trog
Uskayaw
Vehumet
Wu Jian
Xom
Yredelemnul
Zin
The Shining One

Shops:
D:7 *

Annotations:
D:6 3 runed translucent doors, Madon's ghost, novice MiBe


Innate Abilities, Weirdness & Mutations

You are completely covered in rugged brown scales. (AC +3, +7% HP)
Armour fits poorly on your strangely shaped body.
You have a long armoured tail.
You roll when moving toward enemies. (Rampage)
Your long tongue fully drains potion bottles. (2x potion effects)
Your tongue gives you trouble enunciating. (1.5x scroll delay)


Message History

The kobold brigand is wielding a +0 dagger and quivering poisoned darts.
Found 12 gold pieces.
Found an escape hatch in the ceiling.
You feel very sick.
The kobold brigand shouts!
The kobold shouts! x3; You hear a shout!
The kobold brigand throws a poisoned dart.
The poisoned dart hits you!
You are more poisoned.
An orc priest comes into view.
It is wielding a +2 war axe of electrocution.
The kobold throws a stone.
The stone barely misses you.
The kobold throws a stone.
The stone closely misses you.
Unknown command.
You closely miss the kobold.
You feel very sick.
The kobold hits you but does no damage. x2
The kobold brigand throws a poisoned dart.
The poisoned dart hits you!
You are more poisoned.
Unknown command.
You closely miss the kobold. You slice the kobold!! You freeze the kobold.
You kill the kobold!
You feel extremely sick. The kobold hits you but does no damage.
The kobold throws a stone.
The stone barely misses you.
An orc comes into view. It is wielding a +0 dagger.
The kobold completely misses you.
The orc moves out of view.
An orc comes into view. It is wielding a +0 dagger.
You feel yourself speed up.
You slurp down every last drop of the potion of haste!
You feel yourself speed up.
You feel sick.
The orc shouts!
The kobold barely misses you. The kobold hits you but does no damage.
The kobold brigand throws a poisoned dart.
The poisoned dart hits you.
You are more poisoned.
An orc comes into view. It is wielding a +0 dagger.
The orc priest barely misses you. The kobold hits you but does no damage.
The orc priest hits you but does no damage.
You are electrocuted!!
You die...

#.... #....
o....##
######
o...... ....<
.......#...#
#.$.......
#...o..######
#..K@K......
#..)....##..
#...K##....#
#$...# #..#
#....# .#
#....# #
##.### #.


You could see a kobold brigand, an orc priest, 2 orcs and 2 kobolds.

Vanquished Creatures
  A two-headed ogre (D:8)
  A gargoyle (D:6)
  A hornet (D:7)
  A yak (D:8)
  A vampire mosquito (D:8)
  2 water moccasins
  3 black bears
  2 ice beasts
  A sky beast (D:8)
  An ogre (D:6)
  A centaur (D:8)
  2 phantoms
  3 bullfrogs
  3 scorpions
  A wight (D:8)
  4 killer bees (D:8)
  A howler monkey (D:8)
  7 jellies
  2 hounds (D:5)
  5 orc priests
  2 iguanas (D:5)
  2 orc wizards (D:4)
  3 gnolls (D:2)
  10 adders
  3 shadow imps
  A white imp (D:5)
  2 ufetubi
  6 worms
  3 dart slugs
  25 orcs
  6 bats
  7 endoplasms
  3 giant cockroaches
  7 hobgoblins
  3 jackals (D:2)
  2 quokkas
  8 ball pythons
  4 frilled lizards (D:2)
  7 goblins
  7 kobolds
  6 rats
160 creatures vanquished.

Vanquished Creatures (collateral kills)
  A worm (D:3)
1 creature vanquished.

Vanquished Creatures (others)
  A sky beast (D:8)
1 creature vanquished.

Grand Total: 162 creatures vanquished

Notes
Turn   | Place    | Note
-------+----------+-------------------------------------------
     0 | D:1      | Amplified the Armataur Gladiator began the quest for the
                  | Orb.
     0 | D:1      | Reached XP level 1. HP: 18/18 MP: 1/1
   271 | D:1      | Reached skill level 1 in Armour
   273 | D:1      | Reached XP level 2. HP: 22/25 MP: 2/2
   654 | D:2      | Reached XP level 3. HP: 31/31 MP: 3/3
   846 | D:2      | Reached skill level 2 in Armour
   903 | D:2      | You fall into a shaft and drop 1 floor!
  1201 | D:2      | Reached XP level 4. HP: 32/39 MP: 4/4
  1815 | D:3      | Found a shimmering blue altar of Sif Muna.
  1848 | D:3      | Found a snail-covered altar of Cheibriados.
  2251 | D:3      | Found a hide-covered altar of Uskayaw.
  2251 | D:3      | Found a burning altar of Makhleb.
  2252 | D:3      | Found a white marble altar of Elyvilon.
  2307 | D:3      | Reached skill level 3 in Armour
  2768 | D:4      | Reached XP level 5. HP: 48/48 MP: 5/5
  2812 | D:4      | Noticed a black bear
  2832 | D:5      | Entered Level 5 of the Dungeon
  2936 | D:5      | Reached XP level 6. HP: 31/54 MP: 6/6
  3075 | D:4      | Reached skill level 4 in Armour
  3346 | D:4      | Reached skill level 5 in Armour
  3346 | D:4      | Reached XP level 7. HP: 53/63 MP: 7/7
  3528 | D:5      | Found a sparkling altar of Nemelex Xobeh.
  3761 | D:5      | Reached skill level 5 in Axes
  3838 | D:5      | Reached skill level 5 in Fighting
  3838 | D:5      | Reached skill level 6 in Armour
  3997 | D:6      | Identified the +8 spear of Istuusaz {heavy, rF- rN+ Str+2
                  | Int+2}
  4038 | D:6      | Reached XP level 8. HP: 70/72 MP: 8/8
  4059 | D:6      | Noticed a gargoyle
  4065 | D:6      | Killed a gargoyle
  4066 | D:6      | Reached skill level 7 in Armour
  4238 | D:6      | Found a staircase to the Ecumenical Temple.
  4320 | Temple   | Entered the Ecumenical Temple
  4335 | Temple   | Became a worshipper of Ashenzari the Shackled
  4355 | D:6      | Reached skill level 1 in Long Blades
  4517 | D:6      | Found a runed translucent gate.
  4517 | D:6      | Found a runed translucent gate.
  4517 | D:6      | Found an opulent altar of Gozag.
  4517 | D:6      | Found a runed translucent gate.
  4518 | D:6      | Noticed a cyclops
  4518 | D:6      | Noticed Madon's ghost (novice MiBe)
  5061 | D:7      | Noticed a hornet
  5063 | D:7      | Paralysed by a hornet for 3 turns
  5071 | D:7      | Killed a hornet
  5072 | D:7      | Reached XP level 9. HP: 52/82 MP: 9/9
  5242 | D:7      | Reached skill level 8 in Armour
  5258 | D:7      | Found a glowing silver altar of Zin.
  5504 | D:7      | Reached skill level 5 in Long Blades
  5515 | D:7      | Found Valouf's Overcharged Wands.
  5778 | D:8      | Noticed a two-headed ogre
  5785 | D:8      | Killed a two-headed ogre
  6348 | D:8      | Paralysed by a hornet for 3 turns
  6357 | D:8      | Slain by an orc priest

Illustrated notes

Levels and vault maps discovered:
D:1:      lemuel_arrival_muddy, layout_loops_ring, minmay_misc_feat_five,
          feat_on_display
D:2:      layout_basic, minivault_27, amethyst_killhole, grunt_ministairs_15,
          minmay_tetromino_l4
D:3:      minmay_general_purpose_star, layout_basic,
          mainiacjoe_overflow_cross_hatched, lemuel_tele_altar,
          gammafunk_temple_overflow_claw, serial_co_window_serial,
          co_window_corner_a, co_window_corner_a, co_window_paths_b,
          co_window_corner_a, co_window_paths_a, co_window_paths_b,
          co_window_of_opportunity_a, co_window_broadway_a,
          co_window_broadway_c, co_window_unsneaky_path_a, glass_columns_a,
          hangedman_glass_teeth
D:4:      layout_cave_pools
D:5:      layout_rooms, nemelex_altar_shiori, serial_glass, glass_columns_b,
          glass_columns_b
D:6:      layout_cave_pools, minmay_temple_entry_enclosed_plants,
          ebering_ghost_gozag, serial_bayou_pond_a, minmay_manual_mess
D:7:      layout_layer_cave, old_standard_altar, serial_co_window_serial,
          co_window_paths_a, co_window_paths_b, co_window_paths_b,
          co_window_of_opportunity_a, co_window_corner_a, co_window_2corner,
          co_window_broadway_b, co_window_unsneaky_path_e, co_window_broadway_a,
          co_window_paths_c, co_window_corner_ca, co_window_2corner,
          glass_columns_b, glass_columns_b, glass_columns_a, glass_columns_a,
          glass_columns_b, nicolae_shop_overcharged_wands
D:8:      nzn_winding_woodlands_medium [nzn_winding_woodlands_5x5_perimeter,
          nzn_winding_woodlands_5x15_pathside_ponds,
          nzn_winding_woodlands_5x5_three, nzn_winding_woodlands_5x5_open_star,
          nzn_winding_woodlands_center_garden,
          nzn_winding_woodlands_5x5_checkerboard,
          nzn_winding_woodlands_5x5_cross, nzn_winding_woodlands_5x15_jagged,
          nzn_winding_woodlands_5x5_default], layout_rooms,
          minmay_curled_crystal, hellmonk_guarded_unrand_hermit
Temple:   hellmonk_temple_two_chambers

Skill      XL: |  1  2  3  4  5  6  7  8  9 |
---------------+----------------------------+-----
Fighting       | 2 3 4 5 6 7 |  7.4
Armour         | 1 2 3 5 6 7 8 |  8.9
Axes           | 3 4 5 6 |  6.7
Long Blades    | 4 7 |  7.2
Throwing       | |  1.7
Dodging        | |  2.1

Action                     |  1- 3 |  4- 6 |  7- 9 || total
---------------------------+-------+-------+-------++-------
  Melee: War axe           |    91 |   150 |       ||   241
         Tailslap          |    11 |    20 |    29 ||    60
         Punch             |     1 |       |       ||     1
         Battleaxe         |       |    16 |   127 ||   143
         Executioner's axe |       |       |    77 ||    77
  Throw: Throwing net      |       |     1 |     2 ||     3
  Evoke: Wand              |       |       |     5 ||     5
    Use: Scroll            |     1 |     4 |     6 ||    11
         Potion            |       |     3 |     3 ||     6
   Stab: Held in net/web   |       |     1 |       ||     1
 Armour: Leather armour    |    15 |       |       ||    15
         Chain mail        |    28 |   138 |   219 ||   385
  Dodge: Dodged            |    44 |    85 |   106 ||   235
